Map: Dédale EC

Players

Raven

  • Race: Terran Terran
  • League: Master
  • Spawn Location: 7:00

zuka - Winner!

  • Race: Protoss Protoss
  • League: Master
  • Spawn Location: 1:00

VOD

Have the link to the VOD?

Description

Time

  • Played on: July 8, 2018, 2:10 p.m.
  • Length: 8:04
Show
View Real Time Build Order
Export as new Build Order

Raven Terran 

Build Orders: Cyclone Opening, Reaper Expand 

Get SALT Encoding   

  12  0:00  SCV  
  13  0:12  SCV  
  14  0:16  Supply Depot  
  14  0:25  SCV  
  15  0:29  Refinery  
  15  0:38  SCV  
  16  0:44  Barracks  
  16  0:50  SCV  
  17  1:02  SCV  
  18  1:14  SCV  
  19  1:31  Orbital Command  
  19  1:32  Reaper  
  20  1:42  Command Center  
  20  1:53  Factory  
  20  1:57  SCV  
  21  2:05  Barracks Reactor  
  21  2:10  SCV, Supply Depot  
  21  2:14  Refinery  
  22  2:27  SCV  
  23  2:39  SCV  
  24  2:48  Cyclone  
  24  2:49  Marine  
  28  2:52  Barracks  
  28  2:53  Barracks  
  28  2:55  SCV  
  29  3:07  Orbital Command  
  29  3:09  Bunker  
  29  3:11  Marine  
  33  3:27  SCV, Cyclone  
  33  3:32  Barracks  
  34  3:35  Starport  
  34  3:37  Orbital Command  
  34  3:48  SCV  
  35  3:49  Marine x3  
  35  3:51  Orbital Command  
  35  3:55  Cyclone  
  41  4:00  Supply Depot  
  41  4:10  SCV, Marine x3  
  41  4:11  Bunker  
  45  4:27  Viking  
  45  4:28  Marine x2  
  47  4:49  Barracks Tech Lab  
  47  4:57  SCV x2  
  48  5:10  Viking x2  
  52  5:19  SCV x2  
  54  5:28  Marine  
  54  5:29  Stimpack  
  54  5:30  Marine  
  54  5:33  Marine, SCV, Supply Depot  
  54  5:34  Supply Depot  
  54  5:35  SCV  
  55  5:44  Viking x2  
  55  5:45  SCV  
  55  5:47  SCV  
  61  5:51  Marine  
  61  5:54  Marine x2  
  61  6:06  Cyclone  
  64  6:13  SCV x2  
  64  6:18  Marine  
  64  6:25  SCV  
  64  6:38  Viking x2  
  64  6:39  Marine  
  66  6:51  Marine x2  
  67  6:56  Marine  
  67  6:58  SCV  
  59  7:29  Viking  
  57  7:32  SCV  
  57  7:33  SCV  
  58  7:44  Marine x2  
  58  7:46  Marine  
  58  7:50  SCV  
Show
View Real Time Build Order
Export as new Build Order

zuka Protoss - Winner!

Build Orders: Oracle Opening 

Get SALT Encoding   

  12  0:01  Probe  
  13  0:13  Probe  
  14  0:17  Pylon  
  14  0:22  Probe  
  15  0:31  Probe  
  16  0:37  Gateway  
  16  0:41  Probe  
  16  0:48  Assimilator  
  17  0:52  Probe  
  17  0:55  Assimilator  
  18  1:00  Probe  
  19  1:08  Probe  
  20  1:19  Probe  
  20  1:24  Cybernetics Core  
  21  1:39  Probe  
  22  1:46  Pylon  
  22  1:51  Probe  
  23  2:02  Warp Gate  
  23  2:04  Adept  
  23  2:05  Stargate  
  25  2:20  Pylon  
  27  2:39  Oracle  
  28  3:02  Fleet Beacon  
  28  3:19  Pylon  
  28  3:35  Shield Battery  
  28  3:36  Tempest, Adept  
  30  3:45  Pylon  
  36  3:57  Shield Battery  
  36  3:58  Shield Battery  
  36  4:00  Shield Battery  
  36  4:01  Shield Battery  
  36  4:04  Shield Battery  
  36  4:06  Pylon  
  36  4:10  Tempest  
  42  4:36  Pylon  
  42  4:54  Tempest  
  48  5:09  Shield Battery  
  48  5:10  Shield Battery  
  48  5:29  Tempest  
  54  5:49  Shield Battery  
  54  6:08  Tempest  
  54  6:09  Shield Battery  
  54  6:10  Shield Battery  
  54  6:13  Shield Battery  
  54  6:15  Shield Battery  
  54  6:16  Pylon  
  60  6:32  Shield Battery  
  60  6:56  Tempest  
  66  7:10  Shield Battery  
  66  7:11  Shield Battery  
  66  7:13  Shield Battery  
Tags
 
Add a new tag
Caveats
  • Supply blocks, unpowered buildings, or Contaminate may cause inaccurate times.
  • Supply counts are checked every 10 seconds.